 Dungeon Crawl Stone Soup version 0.25-b1-29-g4cfa5c7bda (webtiles) character file.

Game seed: 7086945749622502430, levelgen mode: deterministic

63 Curus the Chopper (level 3, 0/31 HPs)
             Began as a Minotaur Fighter on June 3, 2020.
             Succumbed to a worker ant's poison
             ... on level 2 of the Dungeon.
             The game lasted 00:05:00 (796 turns).

Curus the Chopper (Minotaur Fighter)                 Turns: 796, Time: 00:05:01

Health: 0/31       AC:  6    Str: 16    XL:     3   Next: 87%
Magic:  2/2        EV:  7    Int:  6    God:
Gold:   27         SH:  8    Dex:  9    Spells: 2/2 levels left

rFire    . . .     SeeInvis .   a - +0 war axe
rCold    + . .     Gourm    .   c - +0 kite shield
rNeg     . . .     Faith    +   b - +0 scale mail
rPois    .         Spirit   .   (helmet restricted)
rElec    .         Reflect  .   (no cloak)
rCorr    .         Harm     .   (no gloves)
MR       .....     Rnd*Rage +   (no boots)
Stlth    ..........             h - amulet of faith
HPRegen  0.10/turn              e - -4 ring of strength (curse)
MPRegen  0.08/turn              (no ring)

@: lethally poisoned (0 -> -3)
A: retaliatory headbutt, horns 2, berserk 1, cold resistance 1
a: no special abilities


You were on level 2 of the Dungeon.
You were not hungry.

You visited 1 branch of the dungeon, and saw 2 of its levels.

You collected 27 gold pieces.

Inventory:

Hand Weapons
 a - a +0 war axe (weapon)
Armour
 b - a +0 scale mail (worn)
 c - a +0 kite shield (worn)
Jewellery
 e - a cursed -4 ring of strength (left hand)
 h - an amulet of faith (around neck)
Potions
 d - a potion of might
Comestibles
 f - 6 rations
 g - a chunk of flesh


   Skills:
 - Level 3.6 Fighting
 + Level 5.1 Axes
 - Level 3.6 Armour
 - Level 3.6 Shields


You had 2 spell levels left.
You didn't know any spells.
Your spell library was empty.

Dungeon Overview and Level Annotations

Branches:
Dungeon (2/15)

Altars:


Innate Abilities, Weirdness & Mutations

You reflexively headbutt those who attack you in melee.
You have a pair of horns on your head.
You tend to lose your temper in combat.
Your flesh is cold resistant. (rC+)


Message History

Found a robe.
You see here a dented bronze amulet.
h - a dented bronze amulet
* * * LOW HITPOINT WARNING * * *
You feel sick.
You feel a strange surge of divine interest.
h - an amulet of faith (around neck)
* * * LOW HITPOINT WARNING * * *
You feel sick.
* * * LOW HITPOINT WARNING * * *
You feel sick.
* * * LOW HITPOINT WARNING * * *
You feel sick. You block the bat's attack. You block the bat's attack.
The bat barely misses you. The bat hits you but does no damage.
You closely miss the bat. The bat hits you.
* * * LOW HITPOINT WARNING * * *
The bat completely misses you.
You miss the bat.
You die...

#..#.#...###.#
###..#.#.....#.#
#........#.#.#.#
#.#..#.#...#.#.#
#....#.#.....#.#
##..###.###.....#
#...#...).#...###
#######.###.###.###.########
........#...# #.@b#.........
#######.###.###.###..#######
..........#.....#.รท..#
#####..#..###.###....#
#[.#....#[#....###
#..#.#..###....#
#....#......####
##.###....### #.....####


You could see a bat.

Vanquished Creatures
  A worker ant (D:2)
  An adder (D:2)
  An ooze (D:2)
  A dart slug (D:1)
  2 leopard geckos
  4 bats (D:1)
  A giant cockroach (D:1)
  3 goblins (D:1)
  4 hobgoblins
  2 kobolds (D:1)
  2 frilled lizards (D:1)
  2 rats (D:1)
24 creatures vanquished.

Notes
Turn   | Place    | Note
-------+----------+-------------------------------------------
     0 | D:1      | Curus the Minotaur Fighter began the quest for the Orb.
     0 | D:1      | Reached XP level 1. HP: 19/19 MP: 0/0
    84 | D:1      | Reached skill level 3 in Axes
   108 | D:1      | Reached XP level 2. HP: 26/26 MP: 1/1
   472 | D:1      | Gained mutation: You tend to lose your temper in combat.
                  | [potion of mutation]
   472 | D:1      | Gained mutation: Your flesh is cold resistant. (rC+)
                  | [potion of mutation]
   512 | D:1      | Reached skill level 4 in Axes
   646 | D:2      | Reached XP level 3. HP: 30/31 MP: 2/2
   774 | D:2      | Reached skill level 5 in Axes
   795 | D:2      | HP: 1/31 [bat (1)]
   796 | D:2      | Succumbed to a worker ant's poison

Illustrated notes

Levels and vault maps discovered:
D:1:      dpeg_arrival_rooms_c, layout_basic
D:2:      layout_basic, minmay_misc_feat_tower, minmay_quantized

Skill      XL: |  1  2  3 |
---------------+----------+-----
Axes           | 3 4 5 |  5.1
Fighting       | |  3.6
Armour         | |  3.6
Shields        | |  3.6

Action                   || total
-------------------------++-------
Melee: War axe           ||    91
       Headbutt          ||     6
  Use: Scroll            ||     4
       Potion            ||     2
Armor: Scale mail        ||    40
Dodge: Dodged            ||    24
Block: Kite shield       ||    49
